 Dungeon Sprint DCSS version 0.20.1-1-g8b1a95d (webtiles) character file.

40 Kingsmith the Ducker (level 3, -1/16 HPs)
             Began as a Spriggan Conjurer on Dec 13, 2017.
             Slain by a crimson imp (2 damage)
             ... in the Dungeon (Sprint IX: "|||||||||||||||||||||||||||||").
             The game lasted 00:01:37 (164 turns).

Kingsmith the Ducker (Spriggan Conjurer)             Turns: 164, Time: 00:01:38

Health: -1/16      AC:  2    Str:  4    XL:     3   Next: 30%
Magic:  1/11       EV: 22    Int: 17    God:
Gold:   0          SH:  0    Dex: 16    Spells: 12/13 levels left

rFire    . . .     SeeInvis +   j - +0 club
rCold    . . .     Gourm    .   (shield restricted)
rNeg     . . .     Faith    .   a - +0 robe
rPois    .         Spirit   .   (helmet restricted)
rElec    .         Reflect  .   (no cloak)
rCorr    .         Harm     .   (gloves unavailable)
MR       .....     NoTele   +   (boots unavailable)
Stlth    ++........             (no amulet)
Regen    0.1/turn               (no ring)
MPRegen  0.2/turn               (no ring)

@: lethally poisoned (-1 -> -13), berserk cooldown, very slightly contaminated,
hasted and slowed, very quick
A: unfitting armour, see invisible, herbivore 3, speed 3, slow metabolism 2
a: no special abilities


You were in the Dungeon.
You were not hungry.

You visited 1 branch

Inventory:

Hand Weapons
 j - a +0 club (weapon)
Armour
 a - a +0 robe (worn)
Scrolls
 i - a scroll of blinking
Potions
 e - a potion of heal wounds
 g - 2 potions of magic
Books
 b - a book of Conjurations

   Spells                             Type                      Level
   a - Magic Dart                     Conjuration                  1
   b - Searing Ray                    Conjuration                  2
   c - Dazzling Spray                 Conjuration/Hexes            3
   d - Fulminant Prism                Conjuration/Hexes            4
   e - Force Lance                    Conjuration/Translocation    4
   f - Iskenderun's Mystic Blast      Conjuration                  4
Comestibles
 c - a bread ration


   Skills:
 + Level 6.7 Dodging
 - Level 3.0 Stealth
 + Level 5.6 Spellcasting
 - Level 3.6 Conjurations


You had 12 spell levels left.
You knew the following spells:

 Your Spells              Type           Power        Failure   Level  Hunger
a - Magic Dart            Conj           ###.         3%          1    None


Dungeon Overview and Level Annotations

Branches:
Dungeon (1/1)

Altars:


Innate Abilities, Weirdness & Mutations

You are very small and have problems with some larger weapons.
You are too small for most types of armour.
You have supernaturally acute eyesight. (SInv)
You are a herbivore.
You cover ground extremely quickly.
You need consume almost no food.


Message History

The magic dart hits the water moccasin.
The water moccasin is severely wounded.
The water moccasin completely misses you.
The crimson imp hits you but does no damage.
You closely miss the water moccasin.
The water moccasin is severely wounded.
The water moccasin misses you. The crimson imp barely misses you.
The water moccasin misses you.
You closely miss the water moccasin.
The water moccasin is severely wounded.
The water moccasin misses you. The crimson imp completely misses you.
The water moccasin barely misses you.
You closely miss the water moccasin.
The water moccasin is severely wounded.
The water moccasin bites you!
Ouch! That really hurt!
* * * LOW HITPOINT WARNING * * *
You are lethally poisoned!
The water moccasin poisons you! The crimson imp hits you.
You die... ▓▓▓▓▓▓▓▓▓▓▓▓▓▓▓▓▓▓ +....S@5....'††)<▓ ▓▓▓▓▓▓▓▓▓▓▓▓▓▓▓▓▓▓

You could see a water moccasin and a crimson imp.

Vanquished Creatures
  A hound (D)
  A worm (D)
  A bat (D)
  A bat zombie (D)
  A giant cockroach (D)
  A hobgoblin (D)
  A goblin (D)
  A rat (D)
8 creatures vanquished.

Vanquished Creatures (others)
  2 spatial maelstroms (D)
2 creatures vanquished.

Grand Total: 10 creatures vanquished

Notes
Turn   | Place    | Note
-------+----------+-------------------------------------------
     0 | D        | Kingsmith the Spriggan Conjurer began the quest for the Orb.
     0 | D        | Reached XP level 1. HP: 9/9 MP: 5/5
     1 | D        | Banished a spatial maelstrom
     4 | D        | Banished a spatial maelstrom
   142 | D        | Noticed a water moccasin
   142 | D        | Noticed a crimson imp
   142 | D        | Noticed a hound
   146 | D        | Reached skill level 4 in Dodging
   146 | D        | Reached XP level 2. HP: 13/13 MP: 5/7
   148 | D        | Reached skill level 6 in Dodging
   148 | D        | Reached skill level 5 in Spellcasting
   148 | D        | Reached XP level 3. HP: 16/16 MP: 6/11
   164 | D        | Slain by a crimson imp

Skill      XL: |  1  2 |
---------------+-------+-----
Conjurations   | 3 |  3.6
Spellcasting   | 3 5 |  5.6
Dodging        | 4 6 |  6.7
Stealth        | |  3.0

Action                   || total
-------------------------++-------
Melee: Club              ||    28
       Unarmed           ||     5
 Cast: Magic Dart        ||    13
  Use: Potion            ||     3
Armor: Robe              ||     2
Dodge: Dodged            ||    63
